 Dungeon Crawl Stone Soup version 0.17.1-1-g73c8601 (webtiles) character file.

50 Genom09 the Changer (level 3, -2/26 HPs)
             Began as a Merfolk Transmuter on Dec 12, 2015.
             Killed from afar by Terence (6 damage)
             ... with a wand of magic darts
             ... on level 2 of the Dungeon.
             The game lasted 00:06:32 (964 turns).

Genom09 the Changer (Merfolk Transmuter)             Turns: 964, Time: 00:06:32

Health: -2/26      AC:  2    Str: 11    XL:     3   Next: 79%
Magic:  1/6        EV: 13    Int: 12    God:
Gold:   79         SH:  0    Dex: 14    Spells: 3 memorised, 0 levels left

rFire  . . .     SeeInvis .       - Unarmed
rCold  . . .     Clarity  .     b - +0 robe
rNeg   . . .     SustAt   .     (no shield)
rPois  .         Gourm    .     (no helmet)
rElec  .         Spirit   .     (no cloak)
rCorr  .         Warding  .     (no gloves)
rMut   .         Stasis   .     (no boots)
MR     .....                    (no amulet)
Stlth  +.........               (no ring)
                                (no ring)

@: appendage (expiring), not resistant to hostile enchantments, very unstealthy
A: change form in water, swift swim, horns 2
a: End Transformation


You were on level 2 of the Dungeon.
You were not hungry.
You had grown temporary horns.
You visited 1 branch of the dungeon, and saw 2 of its levels.

You collected 79 gold pieces.

Inventory:

Missiles
 a - 8 arrows
Armour
 b - a +0 robe (worn)
 i - a +0 leather armour
 k - a +0 helmet
 q - a +0 ring mail
Scrolls
 g - a scroll of fog {unknown}
 h - a scroll of recharging {unknown}
 j - a scroll of teleportation {unknown}
 n - a scroll of enchant weapon {unknown}
Potions
 e - a potion of brilliance {unknown}
 f - 2 potions of flight {unknown}
 l - 2 potions of lignification {unknown}
 m - a potion of resistance {unknown}
 o - a potion of haste {unknown}
Books
 c - a book of Changes

   Spells                             Type                      Level
   a - Beastly Appendage              Transmutation                1
   b - Sticks to Snakes               Transmutation                2
   c - Spider Form                    Transmutation/Poison         3
   d - Ice Form                       Ice/Transmutation            4
   e - Blade Hands                    Transmutation                5
Comestibles
 d - 2 bread rations
 p - a slice of pizza


   Skills:
 - Level 1.1 Fighting
 - Level 2.6 Dodging
 - Level 3.2 Unarmed Combat
 - Level 2.0 Spellcasting
 * Level 5.2 Transmutations
 + Level 0.4 Poison Magic


You couldn't memorise any spells.
You knew the following spells:

 Your Spells              Type           Power        Failure   Level  Hunger
a - Beastly Appendage     Trmt           ##....       3%          1    ##.....
b - Sticks to Snakes      Trmt           ##........   6%          2    ###....
c - Spider Form           Trmt/Pois      #.........   30%         3    ####...


Dungeon Overview and Level Annotations

Branches:
Dungeon (2/15)

Altars:

Annotations:
D:2 Terence


Innate Abilities, Weirdness & Mutations

You revert to your normal form in water.
You are very nimble and swift while swimming.
You have a pair of horns on your head.


Message History

a short sword; a kobold corpse
Casting: Beastly Appendage
Confirm with . or Enter, or press ? or * to list all spells.
You don't know that spell.
Unknown command.
Your magical contamination has completely faded away.
Casting: Beastly Appendage
Confirm with . or Enter, or press ? or * to list all spells.
You create a snake!
Terence shouts!
Terence looks more healthy.
Terence zaps a wand.
The magic dart hits your adder.
Things that are here:
a short sword; a kobold corpse Your transformation is almost over.
You hear a shout!
Terence zaps a wand.
The magic dart hits you!
* * * LOW HITPOINT WARNING * * *
Terence zaps a wand.
The magic dart hits you!
You die...

#..#.##.##.......).........##
.....##.....................#
.........................
#............#.........
####....)..#...#.........
........##............รท..
........##.....#.........
..$..?..#...##..#.......#
......(.@@..###).........
........(................
...)......#(.............
###......#...............
...........#............
.####.....#.#####.......#
#...#.#.# ##.....#. #####...#
#######. ###.# .


You could see Terence.

Vanquished Creatures
  A gnoll (D:1)
  4 giant geckos (D:1)
  A ball python (D:1)
  A bat (D:1)
  3 giant cockroaches (D:1)
  6 goblins
  2 hobgoblins (D:1)
  5 kobolds
  4 giant newts (D:1)
  7 rats
34 creatures vanquished.

Vanquished Creatures (collateral kills)
  A worm (D:2)
1 creature vanquished.

Grand Total: 35 creatures vanquished

Notes
Turn   | Place    | Note
--------------------------------------------------------------
     0 | D:1      | Genom09 the Merfolk Transmuter began the quest for the Orb.
     0 | D:1      | Reached XP level 1. HP: 15/15 MP: 3/3
    48 | D:1      | Reached XP level 2. HP: 14/21 MP: 3/5
   270 | D:1      | Reached skill level 4 in Transmutations
   366 | D:1      | Reached XP level 3. HP: 24/26 MP: 4/6
   574 | D:1      | Reached skill level 5 in Transmutations
   579 | D:1      | Learned a level 2 spell: Sticks to Snakes
   583 | D:1      | Learned a level 3 spell: Spider Form
   932 | D:2      | Noticed Terence
   964 | D:2      | Killed from afar by Terence

Action                   || total
-------------------------++-------
Melee: Unarmed           ||    82
 Cast: Beastly Appendage ||    19
       Sticks to Snakes  ||     4
 Stab: Sleeping          ||     1
  Eat: Chunk             ||     1
